 Dungeon Crawl Stone Soup version 0.28-a0-1038-g9c4cb8273d (webtiles) character file.

Game seed: 16993985895332070266

108 ytrimaz the Insei (level 4, -2/29 HPs)
             Began as an Octopode Transmuter on Dec 8, 2021.
             Was a Believer of Ru.
             Killed from afar by Ijyb (19 damage)
             ... with an iceblast
             ... on level 3 of the Dungeon.
             The game lasted 00:02:54 (3299 turns).

ytrimaz the Insei (Octopode Transmuter)             Turns: 3299, Time: 00:02:54

Health: -2/29      AC:  2    Str:  6 (9)  XL:     4   Next: 87%
Magic:  4/7        EV: 19    Int: 16 (17) God:    Ru [**....]
Gold:   55         SH:  0    Dex: 15 (17) Spells: 3/7 levels left

rFire   x . .      SeeInvis .     - Unarmed
rCold   x . .      Faith    .   (shield currently unavailable)
rNeg    . . .      Spirit   .   (helmet currently unavailable)
rPois   x          Reflect  .   (no amulet)
rElec   .          Harm     .   b - ring of willpower
rCorr   .          Rampage  .   (no ring)
Will    +....                   (no ring)
Stlth   +.........              (no ring)
HPRegen 0.09/turn               (no ring)
MPRegen 0.10/turn               (no ring)
                                (no ring)
                                (no ring)

@: spider-form (expiring)
A: venomous fangs, almost no armour, (amphibious), 8 rings, tiny, (camouflage
1), (gelatinous body 1), temperature sensitive, (nimble swimmer 1), (tentacles)
a: End Transformation, Renounce Religion


You were on level 3 of the Dungeon.
You worshipped Ru.
Ru was pleased with you.
You were a venomous arachnid creature.
You visited 1 branch of the dungeon, and saw 3 of its levels.

You collected 55 gold pieces.

Inventory:

Jewellery
 b - a ring of willpower (left front leg)
 c - a ring of flight
Scrolls
 d - a scroll of brand weapon
Potions
 a - 2 potions of might
 e - a potion of mutation {unknown}


   Skills:
 * Level 2.1 Fighting
 - Level 2.0 Dodging
 + Level 4.5 Unarmed Combat
 + Level 2.3 Spellcasting
 + Level 2.4 Transmutations
 + Level 0.2 Poison Magic


You had 3 spell levels left.
You knew the following spells:

 Your Spells              Type           Power      Damage    Failure   Level
a - Beastly Appendage     Tmut           18%        N/A       21%         1
b - Spider Form           Tmut/Pois      6%         N/A       56%         3

Your spell library contained the following spells:

 Spells                   Type           Power      Damage    Failure   Level
 Wereblood                Tmut           9%         N/A       26%         2
 Ice Form                 Ice/Tmut       5%         N/A       90%         4


Dungeon Overview and Level Annotations

Branches:
Dungeon (3/15)

Altars:
Ru

Shops:
D:2 =

Annotations:
D:3 Ijyb


Innate Abilities, Weirdness & Mutations

You are a venomous arachnid creature.
You have poisonous fangs.
You are tiny and dextrous.
Your spellcasting is less reliable in this form.
Your armour is entirely melded.
You are incapable of wielding weapons or throwing items.
You cannot wear most types of armour.
((You are amphibious.))
You can wear up to eight rings at the same time.
((Your skin changes colour to match your surroundings (Stealth+).))
((Your rubbery body absorbs attacks. (AC +1, EV +1)))
You are sensitive to extremes of temperature. (rF-, rC-)
((You are camouflaged near water. (Stealth+)))
((You have tentacles for arms and can constrict up to eight enemies at once.))


Message History

You tentacle-slap the adder but do no damage.
You squeeze the adder, but do no damage.
The adder is severely wounded.
You constrict the adder. The adder bites you.
You are poisoned.
The adder poisons you!
You tentacle-slap the adder. x2
You kill the adder!
You feel sick.
No target in view!
No target in view!
You feel sick.
You feel sick.
You feel sick.
You feel sick.
You are no longer poisoned.
Key pressed, stopping explore.
HP restored.
Ijyb the Twisted Goblin comes into view.
She is wielding a +0 club, wearing a +2 leather armour of cold resistance and carrying a wand of iceblast (9).
Ijyb is nearby!
Ijyb is nearby!
A ball python comes into view.
The ball python moves out of view.
Casting: Spider Form (extremely dangerous; 34% risk of failure)
Confirm with . or Enter, or press ? or * to list all spells.
The spell is extremely dangerous to miscast (34% risk of failure)!
Continue anyway?
You turn into a venomous arachnid creature.
Your transformation is almost over.
Ijyb shouts!
Unknown command.
An adder and an endoplasm come into view.
Found a stone staircase leading up and a stone staircase leading down.
The ball python hisses angrily.
The adder hisses angrily.
The endoplasm quivers.
Ijyb zaps a wand.
The mass of ice explodes!
The iceblast engulfs you!
You feel a painful chill!
Ijyb zaps a wand.
The mass of ice explodes!
The iceblast engulfs you!!
You feel a painful chill!
Ouch! That really hurt!
You die...

##################
#.......##...s...#
#..........##...g...#
#.......####..⌠.S.⌠..
#.......# ..........
#.......# #...S.⌠....
#.......###..<.J...>.
#####
#.........#.....⌠....
#...#
#.......###..........
#...#### #.......#
##.......


You could see Ijyb, an adder, an endoplasm and a ball python.

Vanquished Creatures
  5 adders
  2 gnolls
  A worm (D:2)
  2 dart slugs
  2 ball pythons (D:2)
  4 bats
  3 endoplasms
  A giant cockroach (D:3)
  3 goblins
  2 hobgoblins
  5 kobolds
  3 quokkas
  3 frilled lizards
  4 rats
40 creatures vanquished.

Notes
Turn   | Place    | Note
-------+----------+-------------------------------------------
     0 | D:1      | ytrimaz the Octopode Transmuter began the quest for the
                  | Orb.
     0 | D:1      | Reached XP level 1. HP: 13/13 MP: 3/3
   196 | D:1      | Found a faded altar of an unknown god.
   224 | D:1      | Prayed at the altar of an unknown god.
   224 | D:1      | Became a worshipper of Ru the Awakened
   235 | D:1      | Gained mutation: You are sensitive to extremes of
                  | temperature. (rF-, rC-) [Ru sacrifice]
   235 | D:1      | Reached * piety under Ru
   235 | D:1      | Reached ** piety under Ru
   407 | D:1      | Reached XP level 2. HP: 15/18 MP: 5/5
   819 | D:2      | Found Rirohaudo's Jewellery Shop.
   856 | D:2      | Reached XP level 3. HP: 23/23 MP: 6/6
   971 | D:2      | Learned a level 3 spell: Spider Form
  1681 | D:2      | Reached skill level 4 in Unarmed Combat
  1681 | D:2      | Reached XP level 4. HP: 14/29 MP: 7/7
  3295 | D:3      | Noticed Ijyb
  3299 | D:3      | Killed from afar by Ijyb

Illustrated notes

Levels and vault maps discovered:
D:1:      dpeg_arrival_simpleton_c, layout_basic,
          nicolae_ecumenical_lake_church, minmay_box_of_dots
D:2:      layout_basic, serial_shops, nicolae_square_shop, serial_park_tiny_2,
          minmay_circle_x
D:3:      layout_rooms, grunt_ministairs_10, uniq_ijyb

Skill      XL: |  1  2  3 |
---------------+----------+-----
Fighting       | 2 |  2.1
Unarmed Combat | 4 |  4.5
Dodging        | |  2.0
Spellcasting   | |  2.3
Transmutations | |  2.4
Poison Magic   | |  0.2

Action                   |  1- 3 |  4- 6 || total
-------------------------+-------+-------++-------
Melee: Unarmed           |    64 |    49 ||   113
       Constrict         |    13 |    10 ||    23
       Tentacles         |     6 |     5 ||    11
       Punch             |       |     1 ||     1
 Cast: Spider Form       |     2 |     1 ||     3
Invok: Sacrifice Resista |     1 |       ||     1
  Use: Potion            |     2 |       ||     2
       Scroll            |     1 |     3 ||     4
 Stab: Sleeping          |     6 |     3 ||     9
       Distracted        |     1 |       ||     1
Armor: Skin              |     8 |     4 ||    12
Dodge: Dodged            |    51 |    25 ||    76

Table legend: (Time is in decaauts)
 A = Elapsed time spent in this place.
 B = Non-inter-level travel time spent in this place.
 C = Inter-level travel time spent in this place.
 D = Time resting spent in this place.
 E = Time spent auto-exploring this place.
 F = Levels seen in this place.
 G = Mean time per level.
                   A        B        C        D        E       F      G
               +--------+--------+--------+--------+--------+-----+--------+
         Total |   3290 |   3167 |    123 |    197 |   2614 |   3 | 1096.7 |
       Dungeon |   3290 |   3167 |    123 |    197 |   2614 |   3 | 1096.7 |
               +--------+--------+--------+--------+--------+-----+--------+

Top non-repeatable levels by time:
     D:2: 1864 daAuts
     D:1: 754 daAuts
     D:3: 671 daAuts
